 Dungeon Crawl Stone Soup version 0.22-a0-299-g43f9854 (webtiles) character file.

19749 4thArraOfDagon the Martial Artist (level 12, -1/154 HPs)
             Began as a White Draconian Ice Elementalist on Mar 25, 2018.
             Was an Elder of Yredelemnul.
             Slain by a jumping spider (3 damage)
             ... on level 15 of the Dungeon.
             The game lasted 00:41:23 (7745 turns).

4thArraOfDagon the Martial Artist (DrIE)            Turns: 7745, Time: 00:41:24

Health: -1/154     AC:  9    Str: 15    XL:     12   Next: 39%
Magic:  18/18      EV: 21    Int: 20    God:    Yredelemnul [****..]
Gold:   267        SH:  0    Dex: 13    Spells: 14/15 levels left

rFire    . . .     SeeInvis +     - Unarmed
rCold    + . .     Gourm    .   (no shield)
rNeg     . . .     Faith    .   (armour unavailable)
rPois    .         Spirit   .   (helmet restricted)
rElec    .         Reflect  .   (no cloak)
rCorr    .         Harm     .   (no gloves)
MR       .....                  z - +0 pair of boots
Stlth    ..........             m - amulet of rage
HPRegen  0.35/turn              a - ring of see invisible
MPRegen  0.16/turn              E - +5 ring of evasion

@: berserking (expiring), very quick
A: breathe frost, unfitting armour, cold resistance 1, cold-blooded, AC +8
a: Breathe Frost, Recall Undead Slaves, Injury Mirror, Animate Dead, Drain Life,
Renounce Religion, Evoke Berserk Rage


You were on level 15 of the Dungeon.
You worshipped Yredelemnul.
Yredelemnul was greatly pleased with you.
You were not hungry.

You visited 2 branches of the dungeon, and saw 16 of its levels.
You also visited: Ossuary.

You collected 500 gold pieces.
You spent 233 gold pieces at shops.

Inventory:

Armour
 z - a +0 pair of boots (worn)
Magical Staves
 e - an uncursed staff of earth
Jewellery
 a - a ring of see invisible (left hand)
 m - an amulet of rage (around neck)
 q - an uncursed ring of wizardry
 u - an uncursed ring of protection from cold
 E - a +5 ring of evasion (right hand)
Wands
 l - a wand of paralysis (6)
 o - a wand of digging (18)
 w - a wand of acid (6)
 y - a wand of disintegration (6)
 B - a wand of polymorph (10)
 C - a wand of random effects (15)
Scrolls
 b - a scroll of identify
 c - a scroll of amnesia
 d - a scroll of enchant weapon
 f - 3 scrolls of random uselessness
 g - a scroll of enchant armour {unknown}
 j - 3 scrolls of blinking
 k - 2 scrolls of magic mapping
 n - 9 scrolls of remove curse
 p - 2 scrolls of immolation
 t - a scroll of teleportation
 D - a scroll of vulnerability {unknown}
Potions
 h - 2 potions of haste
 i - 3 potions of flight
 r - 2 potions of might
 x - 2 potions of magic
 F - a potion of curing
Miscellaneous
 v - a lamp of fire
Comestibles
 s - 10 rations


   Skills:
 + Level 8.4 Fighting
 + Level 7.3 Dodging
 - Level 1.7 Stealth
 * Level 14.5 Unarmed Combat
 - Level 2.0 Spellcasting
   Level 1.0 Conjurations
 - Level 5.1 Ice Magic
 + Level 8.4 Invocations
 - Level 3.0 Evocations


You had 14 spell levels left.
You knew the following spells:

 Your Spells              Type           Power        Failure   Level  Hunger
a - Freeze                Ice            ###.         1%          1    #......


Dungeon Overview and Level Annotations

Branches:
Dungeon (15/15)            Temple (1/1) D:6             Orc (0/2) D:12
   Lair: D:8-11      Vaults: D:13-14     Depths: D:15

Altars:
Ashenzari
Dithmenos
Elyvilon
Fedhas
Nemelex Xobeh
Okawaru
Ru
Sif Muna
Vehumet
Wu Jian
Yredelemnul
Zin

Shops:
D:4 ?   D:5 }   D:6 %   D:12 *

Annotations:
D:10 Erica


Innate Abilities, Weirdness & Mutations

You can breathe waves of freezing cold.
You can buffet flying creatures when you breathe cold.
Your icy white scales are hard. (AC +8)
You cannot fit into any form of body armour.
Your flesh is cold resistant. (rC+)
You are cold-blooded and may be slowed by cold attacks.


Message History

The jumping spider barely misses you.
The jumping spider bites you but does no damage.
You struggle to detach yourself from the web.
You feel a strong urge to attack something.
The centaur hits you but does no damage.
Unknown command.
The web tears apart.
The jumping spider completely misses you.
The jumping spider barely misses you. The centaur hits you.
* * * LOW HITPOINT WARNING * * *
Unknown command.
Unknown command.
Unknown command.
You pummel the centaur!!
You kill the centaur!
Yredelemnul accepts your kill.
The jumping spider completely misses you.
The jumping spider bites you.
You die...
Your body rises from the dead as a mindless zombie.

...................# #.#..#
.......############# #.#..# #.
.......# #.#..# #.
##.############### ## ##.#..###
.#.#.#.#.#.#.#.#.#.#.# #.##.)).#
#.#.#[#.#.#.#.#.#.#.# #.#..(.#)#
.#.#.#.#.#.#.#.#.#.# #.#.#####.#
#.#.#.#.#.#.#.#.#)# #.#.# .#.
.#.#.#.#.#.#.#.#@# #.#.# .#.
#.#.#.#.#.#.#.#s#.#.#.# .##
.#.#.#.#.#.#.#Z#.#.#.# ยง.
#.#.#.#.#.#.#.#.#.#.# ..
.#.#.#.#.#.#Z#.#.#.#.#
#.#.#.#.#.#Z#.#.#.#.#.#. .
.#.#.#.#.#.#.#.#.#.#.#.#.#####.#
#.#.#.#.#.#.#.#.#.#.#.#.#.......
.#.#s#.#.#.#.#.#.#.#.#.#.#......


You could see a jumping spider, a friendly acid dragon zombie, a friendly ogre
zombie and a friendly two-headed ogre skeleton.

Vanquished Creatures
  A fire dragon (D:15)
  A hydra (D:14)
  2 centaur warriors
  5 two-headed ogres
  An ogre mage (D:15)
  2 unseen horrors
  2 ugly things (D:14)
  A tengu conjurer (D:14)
  2 trolls
  5 slime creatures (D:14)
  2 hippogriffs
  A centaur simulacrum (D:15)
  A wraith (D:15)
  6 yaks (D:9)
  2 wyverns (D:15)
  2 shadows (D:15)
  3 vampire mosquitoes (D:15)
  An acid dragon (D:15)
  A water moccasin (D:6)
  An orc warrior (D:14)
  2 ice beasts
  A black bear (D:9)
  2 sky beasts
  6 ogres
  A phantom (D:7)
  2 necrophages
  10 centaurs
  3 bullfrogs
  11 scorpions
  10 killer bees
  2 howler monkeys (D:5)
  2 bullfrog zombies
  3 centaur zombies
  A crimson imp (D:5)
  A quasit (D:5)
  2 human zombies (Ossuary)
  A jelly (D:5)
  3 bullfrog skeletons
  2 orc priests
  2 centaur skeletons
  3 hounds
  Natasha (D:2)
  Terence (D:2)
  3 iguanas
  9 orc wizards
  7 worker ants
  2 big kobold zombies (Ossuary)
  3 hound skeletons
  2 mummies (Ossuary)
  A howler monkey zombie (D:6)
  5 scorpion zombies (Ossuary)
  13 adders
  8 gnolls
  2 shadow imps
  An ooze (D:1)
  An adder zombie (D:9)
  2 adder skeletons
  A worm (D:4)
  2 dart slugs
  32 orcs
  3 bats
  11 giant cockroaches
  10 hobgoblins
  9 jackals
  3 quokkas
  3 ball pythons
  7 frilled lizards
  A giant cockroach zombie (D:5)
  2 goblins
  2 goblin zombies (Ossuary)
  2 hobgoblin zombies (Ossuary)
  4 kobolds
  3 kobold zombies (Ossuary)
  2 leopard gecko zombies (D:7)
  A quokka skeleton (D:6)
  7 rats
278 creatures vanquished.

Vanquished Creatures (collateral kills)
  2 two-headed ogres (D:15)
  A tengu warrior (D:14)
  3 ugly things (D:14)
  A cyclops (D:15)
  A centaur zombie (D:14)
  A slime creature (D:14)
  A wyvern (D:14)
  An acid dragon (D:15)
  2 ogres (D:15)
13 creatures vanquished.

Vanquished Creatures (others)
  4 ugly thing zombies (D:14)
  A hydra zombie (D:14)
  3 flying skulls (D:15)
  A two-headed ogre zombie (D:15)
  2 tengu zombies (D:14)
  A scorpion (Ossuary)
  A wight (D:15)
  A human zombie (Ossuary)
  2 mummies
16 creatures vanquished.

Grand Total: 307 creatures vanquished

Notes
Turn   | Place    | Note
-------+----------+-------------------------------------------
     0 | D:1      | 4thArraOfDagon the Draconian Ice Elementalist began the quest for the Orb.
     0 | D:1      | Reached XP level 1. HP: 14/14 MP: 3/3
   159 | D:1      | Reached XP level 2. HP: 20/20 MP: 1/5
   402 | D:2      | Noticed Natasha
   735 | D:4      | Reached XP level 3. HP: 16/26 MP: 2/6
   804 | D:4      | Reached skill level 1 in Unarmed Combat
   871 | D:4      | Found a glowing silver altar of Zin.
   872 | D:4      | Found a sacrificial altar of Ru.
   896 | D:4      | Reached skill level 2 in Unarmed Combat
   896 | D:4      | Reached XP level 4. HP: 12/33 MP: 0/7
   919 | D:4      | Reached skill level 3 in Unarmed Combat
   978 | D:4      | Reached XP level 5. HP: 34/38 MP: 0/8
  1020 | D:4      | Found a sand-covered staircase.
  1033 | D:4      | Found Hien's Magic Scroll Emporium.
  1047 | D:4      | Bought a scroll of magic mapping for 45 gold pieces
  1047 | D:4      | Bought a scroll of random uselessness for 13 gold pieces
  1156 | Ossuary  | Entered an ossuary
  1234 | Ossuary  | Reached skill level 4 in Unarmed Combat
  1234 | Ossuary  | Reached skill level 1 in Evocations
  1311 | Ossuary  | Reached XP level 6. HP: 45/45 MP: 9/9
  1321 | Ossuary  | Reached skill level 5 in Unarmed Combat
  1477 | Ossuary  | Your scales start taking on an icy white colour.
  1477 | Ossuary  | Reached skill level 5 in Ice Magic
  1477 | Ossuary  | Reached XP level 7. HP: 38/50 MP: 10/10
  1477 | Ossuary  | Gained mutation: Your flesh is cold resistant. (rC+) [White Draconian growth]
  1483 | Ossuary  | Reached skill level 6 in Unarmed Combat
  1723 | Ossuary  | Reached skill level 7 in Unarmed Combat
  1924 | D:5      | Entered Level 5 of the Dungeon
  2102 | D:5      | Reached skill level 8 in Unarmed Combat
  2102 | D:5      | Reached XP level 8. HP: 52/57 MP: 11/11
  2410 | D:6      | Reached skill level 9 in Unarmed Combat
  2426 | D:6      | Found Fecolit's Food Shop.
  2451 | D:6      | Found a deep blue altar of Sif Muna.
  2600 | D:6      | Reached skill level 10 in Unarmed Combat
  2622 | D:6      | Found a staircase to the Ecumenical Temple.
  2631 | Temple   | Entered the Ecumenical Temple
  2637 | Temple   | Became a worshipper of Yredelemnul the Dark
  2666 | D:5      | Found Icoga's Gadget Emporium.
  2973 | D:2      | Killed Natasha
  2982 | D:2      | Noticed Terence
  2997 | D:2      | Killed Terence
  3129 | D:1      | Reached * piety under Yredelemnul
  3347 | D:1      | You fall through a shaft!
  3430 | D:3      | Reached XP level 9. HP: 53/62 MP: 9/12
  3477 | D:3      | Found a blossoming altar of Fedhas.
  3651 | D:4      | Found a shattered altar of Ashenzari.
  3728 | D:4      | Bought a scroll of blinking for 97 gold pieces
  4029 | D:7      | Reached skill level 1 in Fighting
  4029 | D:7      | Reached skill level 1 in Invocations
  4055 | D:7      | Reached ** piety under Yredelemnul
  4165 | D:7      | Reached skill level 11 in Unarmed Combat
  4423 | D:8      | Found a shadowy altar of Dithmenos.
  4834 | D:9      | Reached XP level 10. HP: 30/78 MP: 13/13
  4922 | D:9      | Reached *** piety under Yredelemnul
  5001 | D:9      | Found a radiant altar of Vehumet.
  5002 | D:9      | Noticed a two-headed ogre
  5007 | D:9      | Killed a two-headed ogre
  5007 | D:9      | Reached skill level 12 in Unarmed Combat
  5122 | D:8      | Noticed a two-headed ogre
  5132 | D:8      | Killed a two-headed ogre
  5132 | D:8      | Reached skill level 5 in Fighting
  5132 | D:8      | Reached skill level 5 in Invocations
  5258 | D:9      | Noticed a two-headed ogre
  5266 | D:9      | Killed a two-headed ogre
  5279 | D:9      | Reached skill level 5 in Dodging
  5288 | D:9      | Thaneod: nice
  5329 | D:9      | p0werm0de: HA HA
  5343 | D:9      | p0werm0de: i buggd ya
  5403 | D:10     | Entered Level 10 of the Dungeon
  5406 | D:10     | Noticed an unseen horror
  5416 | D:10     | Killed an unseen horror
  5529 | D:10     | Noticed Erica
  5577 | D:11     | Noticed a two-headed ogre
  5598 | D:12     | Found Izxiguid's Assorted Antiques.
  5603 | D:12     | Bought a ring of evasion for 78 gold pieces
  5610 | D:12     | p0werm0de: b00m
  5621 | D:12     | Noticed a gargoyle
  5651 | D:12     | Thaneod: bazinga!
  5687 | D:11     | Reached XP level 11. HP: 24/89 MP: 8/15
  5759 | D:11     | Noticed a green ugly thing
  5772 | D:12     | Found a staircase to the Orcish Mines.
  5787 | D:12     | 4thArraOfDagon: where
  5822 | D:12     | 4thArraOfDagon: !summon bazinga
  5827 | D:12     | Found a deep blue altar of Sif Muna.
  5833 | D:12     | Thaneod: :P
  5837 | D:12     | Noticed a centaur warrior
  5838 | D:12     | p0werm0de: bazooka!
  5854 | D:12     | Killed a centaur warrior
  5854 | D:12     | Reached skill level 13 in Unarmed Combat
  5861 | D:12     | Received a gift from Yredelemnul (a mummy)
  5912 | D:12     | Thaneod: panzerfaust!
  5923 | D:12     | p0werm0de: 9mm
  5965 | D:12     | Thaneod: oder panzershreck
  5997 | D:12     | p0werm0de: https://www.youtube.com/watch?v=qOYjigpRtHM
  6159 | D:13     | Thaneod: mollono was better:)
  6178 | D:13     | p0werm0de: yeye
  6214 | D:14     | Noticed a fire dragon
  6216 | D:15     | Entered Level 15 of the Dungeon
  6298 | D:15     | Noticed a two-headed ogre
  6573 | D:15     | Received a gift from Yredelemnul (a wight)
  6674 | D:15     | Noticed a centaur warrior
  6687 | D:15     | Killed a centaur warrior
  6690 | D:15     | Noticed an ogre mage
  6714 | D:15     | Thaneod: https://www.youtube.com/watch?v=mQ_vsKyf8PU
  6803 | D:14     | Thaneod: berserk from amu?
  6806 | D:14     | Reached **** piety under Yredelemnul
  6810 | D:14     | Noticed a five-headed hydra
  6835 | D:14     | Killed a five-headed hydra
  6858 | D:14     | Noticed a purple ugly thing
  6858 | D:14     | Noticed a purple ugly thing
  6864 | D:14     | Noticed a purple ugly thing
  6864 | D:14     | Noticed a purple ugly thing
  6866 | D:14     | Noticed a purple ugly thing
  6872 | D:14     | Killed a purple ugly thing
  6874 | D:14     | Killed a purple ugly thing
  6878 | D:14     | Noticed a tengu warrior
  6887 | D:14     | Killed a white ugly thing
  6889 | D:14     | Killed a green ugly thing
  6901 | D:14     | Killed a tengu warrior
  6922 | D:14     | Killed a purple ugly thing
  7055 | D:14     | Reached skill level 14 in Unarmed Combat
  7069 | D:14     | Reached XP level 12. HP: 23/101 MP: 11/17
  7354 | D:15     | Killed a fire dragon
  7496 | D:15     | Noticed a two-headed ogre
  7497 | D:15     | Noticed a two-headed ogre
  7519 | D:15     | Killed a two-headed ogre
  7519 | D:15     | Received a gift from Yredelemnul (3 flying skulls)
  7522 | D:15     | Killed an ogre mage
  7526 | D:15     | Killed a two-headed ogre
  7533 | D:15     | Noticed a two-headed ogre
  7543 | D:15     | Killed a two-headed ogre
  7616 | D:15     | Killed a two-headed ogre
  7742 | D:15     | HP: 5/154 [jumping spider (16)]
  7744 | D:15     | HP: 1/154 [centaur (4)]
  7745 | D:15     | Slain by a jumping spider

Vault maps used:
D:1:      nzn_arrival_crosshair, serial_co_window_serial, co_window_cross_1,
          co_window_paths_b, co_window_corner_a, co_window_of_opportunity_a,
          co_window_paths_b, co_window_paths_b, co_window_corner_a,
          co_window_paths_a, co_window_corner_a, co_window_2corner,
          co_window_2corner, co_window_unsneaky_path_b, co_window_paths_e,
          co_window_4corner_b, minmay_misc_feat_diagonals, minmay_misc_feat_iff,
          kennysheep_flooded_box
D:2:      first_ration, minmay_three_crescents, uniq_sigmund, uniq_natasha,
          uniq_terence
D:3:      fedhas_altar_3
D:4:      overflow_temple_1_default, gammafunk_temple_overflow_pools,
          serial_shops, shop, enter_ossuary_1
D:5:      serial_shops, nicolae_shop_stone
D:6:      temple_hall, serial_shops, kennysheep_mini, lemuel_statue_altar
D:7:      old_standard_altar
D:8:      nicolae_dithmenos_the_darkroom, serial_shops, shop
D:9:      vehumet_crystals, grunt_ogre_cave
D:10:     erik_lair_orcish_takeover, uniq_erica
D:12:     minmay_the_grid_four_pointed_star_mashed, serial_shops, shop,
          basic_altar, nrook_mini_vaults, uniq_harold
D:13:     hangedman_vaults_entry_quadrant_bands, basic_altar, grunt_tough_drop
D:14:     minmay_misc_feat_doors, aerie_lemuel
D:15:     hangedman_depths_entry_try_elsewhere_first, minivault_25
Temple:   eino_temple_rhombus
Ossuary:  ossuary_minmay_scorpions

Skill      XL: |  1  2  3  4  5  6  7  8  9 10 11 12 |
---------------+-------------------------------------+-----
Ice Magic      | 4 5 |  5.1
Unarmed Combat | 2 3 4 5 8 10 11 12 14 | 14.5
Evocations     | 1 2 3 |  3.0
Dodging        | 3 5 6 7 |  7.3
Fighting       | 3 5 7 8 |  8.4
Invocations    | 3 5 7 8 |  8.4
Stealth        | |  1.7
Spellcasting   | |  2.0
Conjurations   | |  1.0

Action                   |  1- 3 |  4- 6 |  7- 9 | 10-12 || total
-------------------------+-------+-------+-------+-------++-------
Melee: Unarmed           |    65 |   140 |   349 |   288 ||   842
       Tailslap          |     6 |    20 |    42 |    41 ||   109
       Punch             |       |     4 |    11 |    19 ||    34
Throw: Throwing net      |       |       |       |     3 ||     3
 Cast: Freeze            |    49 |     8 |   139 |    23 ||   219
Invok: Animate Dead      |       |       |       |     9 ||     9
       Drain Life        |       |       |       |     2 ||     2
 Abil: Evoke Berserk Rag |       |     5 |    12 |    12 ||    29
       Breathe Frost     |       |       |    11 |     9 ||    20
Evoke: Wand              |     2 |     5 |     9 |    19 ||    35
       Lamp of fire      |       |       |       |     1 ||     1
  Use: Scroll            |     1 |       |    12 |     3 ||    16
       Potion            |       |     2 |     5 |     8 ||    15
 Stab: Paralysed         |     3 |    12 |    17 |     5 ||    37
       Sleeping          |       |       |     4 |       ||     4
       Confused          |       |       |     1 |       ||     1
       Distracted        |       |       |       |     1 ||     1
  Eat: Chunk             |     1 |       |    18 |    15 ||    34
       Ration            |       |     2 |     2 |     4 ||     8
Armor: Skin              |    26 |    42 |   120 |   111 ||   299
Dodge: Dodged            |    80 |    82 |   290 |   195 ||   647

Table legend:
 A = Spawn XP
 B = Non-spawn XP
 C = Spawn XP percentage of total XP
 D = Spawn monster count
 E = Non-spawn monster count
 F = Spawn count percentage of total count
 G = Total turns spent on level
                    A         B        C        D         E        F      G
               +---------+---------+-------+---------+---------+-------+---------
         Total |       0 |   28214 |   0.0 |       0 |     291 |   0.0 |  7745
               +---------+---------+-------+---------+---------+-------+---------
           D:1 |       0 |      42 |   0.0 |       0 |      20 |   0.0 |   509
           D:2 |       0 |      88 |   0.0 |       0 |      15 |   0.0 |   389
           D:3 |       0 |     193 |   0.0 |       0 |      27 |   0.0 |   576
           D:4 |       0 |     249 |   0.0 |       0 |      23 |   0.0 |   668
           D:5 |       0 |     909 |   0.0 |       0 |      29 |   0.0 |   588
           D:6 |       0 |     583 |   0.0 |       0 |      13 |   0.0 |   548
           D:7 |       0 |    1227 |   0.0 |       0 |      27 |   0.0 |   433
           D:8 |       0 |    1333 |   0.0 |       0 |      10 |   0.0 |   400
           D:9 |       0 |    4222 |   0.0 |       0 |      30 |   0.0 |   602
          D:10 |       0 |     837 |   0.0 |       0 |       4 |   0.0 |   152
          D:11 |       0 |     173 |   0.0 |       0 |       2 |   0.0 |   133
          D:12 |       0 |    1814 |   0.0 |       0 |       8 |   0.0 |   310
          D:13 |       0 |      50 |   0.0 |       0 |       6 |   0.0 |   198
          D:14 |       0 |    5921 |   0.0 |       0 |      21 |   0.0 |   496
          D:15 |       0 |    9695 |   0.0 |       0 |      28 |   0.0 |  1053
       Ossuary |       0 |     878 |   0.0 |       0 |      28 |   0.0 |   677
               +---------+---------+-------+---------+---------+-------+---------
